 Dungeon Crawl Stone Soup version 0.31-a0-595-g4209ae197b (webtiles) character file.

Game seed: 17267421563515869274

5022 AdnanSaban the Basher (level 10, -6/63 HPs)
             Began as a Gargoyle Fighter on Aug 20, 2023.
             Was a Believer of Okawaru.
             Mangled by an orc knight
             ... wielding a +0 war axe
              (8 damage)
             ... on level 9 of the Dungeon.
             The game lasted 00:09:06 (8687 turns).

AdnanSaban the Basher (Gargoyle Fighter)            Turns: 8687, Time: 00:09:07

Health: -6/63      AC: 24    Str: 24    XL:     10   Next: 55%
Magic:  8/10       EV:  9    Int:  9    God:    Okawaru [**....]
Gold:   342        SH:  6    Dex:  9    Spells: 9/9 levels left

rFire   . . .        a - +0 flail
rCold   . . .        c - +0 buckler
rNeg    + . .        D - +0 plate armour
rPois   ∞            b - +0 helmet
rElec   +            (no cloak)
rCorr   .            (no gloves)
SInv    .            (no boots)
Will    .....        (no amulet) Stlth
                     (no ring)
HPRegen 0.30/turn    (no ring)
MPRegen 0.12/turn

%: no passive effects
@: heroic
A: sickness immunity, AC +7, negative energy resistance 1, electricity
resistance, torment resistance 1, petrification resistance
a: Renounce Religion, Heroism


You were on level 9 of the Dungeon.
You worshipped Okawaru.
Okawaru was pleased with you.
You visited 2 branches of the dungeon, and saw 10 of its levels.
You also visited: Bailey.

You collected 342 gold pieces.

Inventory:

Hand Weapons
 a - a +0 flail (weapon)
Missiles
 f - 25 poisoned darts (quivered)
 g - 14 boomerangs
 r - 5 atropa-tipped darts
 s - 6 datura-tipped darts
Armour
 b - a +0 helmet (worn)
 c - a +0 buckler (worn)
 D - a +0 plate armour (worn)
Scrolls
 e - a scroll of amnesia {unknown}
 h - a scroll of blinking {unknown}
 i - 2 scrolls of revelation {unknown}
 j - 5 scrolls of identify {unknown}
 k - 2 scrolls of enchant weapon {unknown}
 o - a scroll of fear {unknown}
 p - 4 scrolls of teleportation {unknown}
 q - a scroll of brand weapon {unknown}
 y - a scroll of fog {unknown}
 B - a scroll of enchant armour {unknown}
 E - a scroll of vulnerability {unknown}
Potions
 d - a potion of might
 l - 4 potions of heal wounds {unknown}
 m - a potion of lignification {unknown}
 n - 10 potions of curing {unknown}
 t - 2 potions of cancellation {unknown}
 u - 2 potions of brilliance {unknown}
 v - a potion of berserk rage {unknown}
 w - 2 potions of attraction {unknown}
 x - 2 potions of haste {unknown}
 z - a potion of mutation {unknown}
 A - 3 potions of degeneration {unknown}
 C - a potion of enlightenment {unknown}


   Skills:
 + Level 7.2(12.2) Fighting
 + Level 10.1(15.1) Maces & Flails
 + Level 2.3(7.3) Throwing
 + Level 8.4(13.4) Armour
 + Level 2.5(7.5) Dodging
 + Level 1.2(6.2) Stealth
 + Level 6.8(11.8) Shields


You had 9 spell levels left.
You didn't know any spells.
Your spell library contained the following spells:

 Spells                   Type           Power      Damage    Failure   Level
 Apportation              Tloc           0%         N/A       99%         1
 Necrotise                Necr           0%         1d4       99%         1
 Gell's Gravitas          Tloc           0%         N/A       100%        3
 Ozocubu's Armour         Ice            0%         N/A       100%        3
 Vhi's Electric Charge    Tloc/Air       0%         N/A       100%        3
 Passage of Golubria      Tloc           0%         N/A       100%        4
 Arcjolt                  Conj/Air       0%         1d10      100%        5
 Metabolic Englaciation   Hex/Ice        0%         N/A       100%        5
 Yara's Violent Unravell  Hex/Tmut       0%         3d3       100%        5
 Dispersal                Tloc           0%         N/A       100%        6
 Plasma Beam              Fire/Air       0%         2x1d10    100%        6
 Summon Small Mammal      Summ           Unusable   N/A       N/A         1
 Tukima's Dance           Hex            Unusable   N/A       N/A         3
 Simulacrum               Ice/Necr       Unusable   N/A       N/A         6

Dungeon Overview and Level Annotations

Branches:
Dungeon (9/15)             Temple (1/1) D:7            Lair (0/5) D:8
 Bailey (visited)
    Orc: D:9-12

Altars:
Ashenzari
Cheibriados
Dithmenos
Elyvilon
Fedhas
Gozag
Kikubaaqudgha
Makhleb
Nemelex Xobeh
Okawaru
Qazlal
Ru
Sif Muna
Trog
Uskayaw
Wu Jian
Yredelemnul
The Shining One

Annotations:
D:7 Jeremiah, Joseph


Innate Abilities, Weirdness & Mutations

You are immune to sickness and miasma.
Your stone body is resilient. (AC +7)
You are immune to poison.
You resist negative energy. (rN+)
You are resistant to electric shocks. (rElec)
You are resistant to unholy torment.
You are immune to petrification.


Message History

You hit the orc knight but do no damage.
The orc knight is heavily wounded.
The orc knight hits you with a +0 war axe!
* * * LOW HITPOINT WARNING * * *
You hit the orc knight.
The orc knight is severely wounded.
The orc knight hits you but does no damage.
You hit the orc knight but do no damage.
The orc knight is severely wounded.
You sock the orc knight!
The orc knight is severely wounded.
The orc knight closely misses you.
You barely miss the orc knight.
The orc knight is severely wounded.
The orc knight closely misses you.
You hit the orc knight but do no damage.
The orc knight is severely wounded.
The orc knight hits you but does no damage.
You gain the combat prowess of a mighty hero.
The orc knight hits you but does no damage.
You hit the orc knight but do no damage.
The orc knight is severely wounded.
The orc knight barely misses you.
You hit the orc knight but do no damage.
The orc knight is severely wounded.
The orc knight hits you but does no damage.
You hit the orc knight but do no damage.
The orc knight is severely wounded.
You thump the orc knight!
The orc knight is almost dead.
The orc knight hits you with a +0 war axe.
* * * LOW HITPOINT WARNING * * *
You barely miss the orc knight.
The orc knight is almost dead.
The orc knight hits you with a +0 war axe.
* * * LOW HITPOINT WARNING * * *
You hit the orc knight but do no damage.
The orc knight is almost dead.
The orc knight hits you with a +0 war axe!
You die...

#.# #.####.## .. .
#.#####.# #...## .#.# #.
#.......##.#.#.##.#.##.#
##########.#..........##
# #.#.#.#.......# #
#......#..$#.# #
####.........# #
#..)...#.#. #
#.)@).#.... #
#..o....... #....!.....
#....#..... #####.#..>#
#.#.## . .# # #


You could see an orc knight.

Vanquished Creatures
  An elephant (D:8)
  Grinder (D:4)
  5 yaks (D:8)
  Eustachio (D:5)
  2 wyverns
  A steam dragon (D:8)
  A water moccasin (D:8)
  2 ice beasts
  4 orc warriors
  3 black bears
  A sky beast (D:6)
  An ogre (D:5)
  A bullfrog (D:8)
  A kobold brigand (D:6)
  4 scorpions
  7 wights
  8 killer bees (D:8)
  4 howler monkeys
  8 jellies
  3 hounds
  2 orc priests
  5 iguanas
  3 sleepcaps
  3 orc wizards
  2 gnolls
  5 adders
  A shadow imp (D:4)
  2 ufetubi
  A worm (D:8)
  2 dart slugs
  19 orcs
  7 ball pythons
  6 endoplasms
  3 giant cockroaches
  10 goblins
  9 hobgoblins
  3 jackals (D:3)
  3 quokkas
  6 bats
  4 frilled lizards
  16 kobolds
  6 rats
  A butterfly (D:9)
178 creatures vanquished.

Notes
Turn   | Place    | Note
-------+----------+-------------------------------------------
     0 | D:1      | AdnanSaban the Gargoyle Fighter began the quest for the
                  | Orb.
     0 | D:1      | Reached XP level 1. HP: 14/14 MP: 1/1
   159 | D:1      | Got the Tractate on Movement
   215 | D:1      | Reached XP level 2. HP: 19/19 MP: 2/2
  1154 | D:2      | Reached XP level 3. HP: 24/24 MP: 3/3
  1725 | D:2      | Found a faded altar of an unknown god.
  1810 | D:3      | Noticed a black bear
  1825 | D:3      | Killed a black bear
  1826 | D:3      | Reached skill level 3 in Maces & Flails
  1826 | D:3      | Reached skill level 1 in Dodging
  1826 | D:3      | Reached XP level 4. HP: 5/29 MP: 4/4
  1826 | D:3      | Reached XP level 5. HP: 6/33 MP: 5/5
  2671 | D:4      | Found a burning altar of Makhleb.
  2719 | D:4      | Reached XP level 6. HP: 39/39 MP: 6/6
  2871 | D:4      | Reached skill level 4 in Maces & Flails
  2937 | D:4      | Found a broken altar of Ashenzari.
  3044 | D:4      | Noticed Grinder
  3044 | D:4      | Paralysed by Grinder for 3 turns
  3069 | D:4      | Killed Grinder
  3070 | D:4      | Reached skill level 5 in Armour
  3070 | D:4      | Reached skill level 1 in Stealth
  3070 | D:4      | Reached XP level 7. HP: 9/44 MP: 7/7
  3351 | D:4      | Found a glowing golden altar of the Shining One.
  3441 | D:5      | Entered Level 5 of the Dungeon
  3523 | D:5      | Reached skill level 1 in Throwing
  3832 | D:5      | Reached skill level 5 in Maces & Flails
  4026 | D:5      | Reached skill level 5 in Fighting
  4026 | D:5      | Reached XP level 8. HP: 44/49 MP: 8/8
  4060 | D:5      | Found an ornate altar of the Wu Jian Council.
  4226 | D:5      | Noticed Eustachio
  4333 | D:5      | Killed Eustachio
  4334 | D:5      | Reached skill level 5 in Shields
  4600 | D:5      | Found an opulent altar of Gozag.
  5031 | D:6      | Found a sparkling altar of Nemelex Xobeh.
  5037 | D:6      | Found a shimmering blue altar of Sif Muna.
  5048 | D:6      | Found a blossoming altar of Fedhas.
  5056 | D:6      | Reached skill level 6 in Maces & Flails
  5661 | D:6      | Found a sacrificial altar of Ru.
  5665 | D:6      | Found an ancient bone altar of Kikubaaqudgha.
  5678 | D:6      | Reached XP level 9. HP: 53/54 MP: 9/9
  6011 | D:7      | Reached skill level 7 in Maces & Flails
  6083 | D:7      | Found a staircase to the Ecumenical Temple.
  6175 | Temple   | Entered the Ecumenical Temple
  6200 | Temple   | Became a worshipper of Warmaster Okawaru
  6783 | D:7      | Noticed Joseph
  6787 | D:7      | Noticed Jeremiah
  6788 | D:7      | Reached skill level 8 in Maces & Flails
  6818 | D:8      | Reached * piety under Okawaru
  6879 | D:8      | Noticed an elephant
  6998 | D:8      | Killed an elephant
  6998 | D:8      | Reached ** piety under Okawaru
  6999 | D:8      | Reached XP level 10. HP: 30/61 MP: 10/10
  7119 | D:8      | Found a staircase to the Lair.
  7297 | D:8      | Reached skill level 9 in Maces & Flails
  7929 | D:8      | Found a snail-covered altar of Cheibriados.
  8195 | D:8      | Reached skill level 10 in Maces & Flails
  8530 | D:9      | Found a flagged portal.
  8540 | Bailey   | Entered a bailey
  8623 | Bailey   | Noticed an orc knight
  8686 | D:9      | HP: 1/63 [orc knight/+0 war axe (3)]
  8687 | D:9      | Mangled by an orc knight

Illustrated notes

Levels and vault maps discovered:
D:1:      dpeg_arrival_boxes_within_box, layout_loops_ring,
          nicolae_concentric_dashed_squares_wild, grunt_decor_one_mirror,
          wad_woods_river_04, minmay_split_cup_large
D:2:      layout_loops_ring, shapermc_ecumenical_altar_mp_vishouse,
          dreamdust_wishing_well
D:3:      minmay_skewed_foursquare, layout_rooms, minmay_puff
D:4:      layout_cave_pools, mainiacjoe_overflow_concentric_impassable,
          mainiacjoe_overflow_paths, tso_altar, uniq_grinder
D:5:      cheibrodos_quashed, layout_basic, lemuel_round_altar,
          nzn_wu_jian_contemplation, serial_co_window_serial, co_window_paths_a,
          co_window_paths_a, co_window_paths_a, co_window_corner_a,
          co_window_paths_a, co_window_corner_b, co_window_broadway_a,
          co_window_2corner, co_window_broadway_a, co_window_2corner,
          co_window_corner_ca, co_window_unsneaky_path_c, glass_columns_c,
          glass_columns_c, glass_columns_a, glass_columns_b, glass_columns_b,
          minivault_27, chequers_serial_rivers_marsh, kennysheep_flooded_box,
          uniq_eustachio
D:6:      layout_gridville, fedhas_altar_2, nicolae_overflow_hidden_temple,
          fountainhead, uniq_menkaure
D:7:      layout_basic, vehumet_statue, kennysheep_little_box,
          minmay_temple_entry_statues_pillars, minmay_misc_feat_rows,
          uniq_crazy_yiuf_cottage, uniq_jeremiah, uniq_joseph, uniq_duvessa
D:8:      layout_loops_ring, slow_altar_2, david_lair_generic
D:9:      layout_loops_ring, xom_butterflies, orc_david_3, enter_bailey_2,
          kennysheep_another_room
Temple:   nicolae_temple_superstar

Skill      XL: |  1  2  3  4  5  6  7  8  9 10 |
---------------+-------------------------------+-----
Maces & Flails | 3 4 5 6 8 10 | 10.1
Armour         | 4 5 6 8 |  8.4
Dodging        | 1 2 |  2.5
Fighting       | 4 5 6 7 |  7.2
Shields        | 4 5 6 |  6.8
Stealth        | 1 |  1.2
Throwing       | 1 2 |  2.3

Action                     |  1- 3 |  4- 6 |  7- 9 | 10-12 || total
---------------------------+-------+-------+-------+-------++-------
  Melee: Flail             |   111 |   153 |   439 |   242 ||   945
  Throw: Dart              |     3 |    10 |    15 |     9 ||    37
 Invoke: Heroism           |       |       |       |     2 ||     2
 Armour: Scale mail        |    65 |    68 |     3 |       ||   136
         Chain mail        |       |       |   218 |       ||   218
         Plate armour      |       |       |   192 |   137 ||   329
  Dodge: Dodged            |    57 |    89 |   238 |    79 ||   463
  Block: Buckler           |    27 |    40 |   163 |    64 ||   294

Table legend: (Time is in decaauts)
 A = Elapsed time spent in this place.
 B = Non-inter-level travel time spent in this place.
 C = Inter-level travel time spent in this place.
 D = Time resting spent in this place.
 E = Time spent auto-exploring this place.
 F = Levels seen in this place.
 G = Mean time per level.
                   A        B        C        D        E       F      G
               +--------+--------+--------+--------+--------+-----+--------+
         Total |   8815 |   8470 |    345 |    473 |   6104 |  11 |  801.4 |
       Dungeon |   8333 |   8036 |    297 |    221 |   6043 |   9 |  925.9 |
        Temple |    369 |    321 |     48 |    252 |     37 |   1 |  369.0 |
        Bailey |    112 |    112 |      0 |      0 |     24 |   1 |  112.0 |
               +--------+--------+--------+--------+--------+-----+--------+

Top non-repeatable levels by time:
     D:5: 1806 daAuts
     D:8: 1670 daAuts
     D:1: 977 daAuts
     D:3: 907 daAuts
     D:4: 834 daAuts
     D:2: 817 daAuts
     D:6: 796 daAuts
     D:7: 432 daAuts
  Temple: 369 daAuts
  Bailey: 112 daAuts
     D:9: 91 daAuts
